 Dungeon Crawl Stone Soup version 0.27-a0-1256-gced786f65e (webtiles) character file.

Game seed: 3424175819227379551

61 polve the Cutter (level 3, 0/29 HPs)
             Began as a Demonspawn Abyssal Knight on June 10, 2021.
             Was a Follower of Lugonu.
             Slain by a gnoll
             ... wielding a +0 spear
              (2 damage)
             ... on level 3 of the Dungeon.
             The game lasted 00:01:27 (2224 turns).

polve the Cutter (Demonspawn Abyssal Knight)        Turns: 2224, Time: 00:01:28

Health: 0/29       AC:  1    Str: 13    XL:     3   Next: 83%
Magic:  4/4        EV:  6    Int: 13    God:    Lugonu [*.....]
Gold:   57         SH:  0    Dex: 12    Spells: 2/2 levels left

rFire    . . .     SeeInvis .   a - +1 short sword
rCold    . . .     Faith    .   (no shield)
rNeg     . . .     Spirit   .   b - +0 leather armour
rPois    .         Reflect  .   (no helmet)
rElec    .         Harm     .   (no cloak)
rCorr    .         Rampage  .   (no gloves)
Will     .....     Rnd*Rage +   (no boots)
Stlth    +.........             (no amulet)
HPRegen  0.09/turn              (no ring)
MPRegen  0.18/turn              (no ring)

@: unable to read, held
A: ignite blood 1, magic regeneration, [berserk 2], [deformed body], [subdued
magic 2], [inability to read while threatened]
a: Renounce Religion, Depart the Abyss


You were on level 3 of the Dungeon.
You worshipped Lugonu.
Lugonu was aware of your devotion.
You visited 1 branch of the dungeon, and saw 4 of its levels.
You visited the Abyss 1 time.

You collected 57 gold pieces.

Inventory:

Hand Weapons
 a - a +1 short sword (weapon)
Armour
 b - a +0 leather armour (worn)
Scrolls
 c - a scroll of teleportation {unknown}
 f - 2 scrolls of identify {unknown}
 g - a scroll of immolation {unknown}
Potions
 d - 2 potions of might
 e - a potion of flight {unknown}


   Skills:
 - Level 3.0 Fighting
 + Level 3.8 Short Blades
 - Level 1.7 Armour
 - Level 0.8 Dodging
 - Level 2.4 Invocations


You had 2 spell levels left.
You didn't know any spells.
Your spell library was empty.

Dungeon Overview and Level Annotations

Branches:
Dungeon (4/15)
 Temple: D:4-7

Altars:


Innate Abilities, Weirdness & Mutations

Your demonic aura sometimes causes spilled blood to erupt in flames.
You regenerate magic rapidly.
[You often lose your temper in combat.]
[Armour fits poorly on your strangely shaped body.]
[Your spells are easier to cast, but less powerful.]
[You sometimes lose the ability to read scrolls when taking damage.]


Message History

The gnoll shaman calls upon its god to speed up the gnoll.
The gnoll seems to speed up.
You hear a shout!
There are monsters nearby!
There are monsters nearby!
There are monsters nearby!
The gnoll shouts!
The gnoll hits you with a +0 flail!
The gnoll hits you from afar with a +0 spear.
You feel threatened and lose the ability to read scrolls!
A gnoll comes into view. It is wielding a +0 spear.
The gnoll shouts!
You see here 15 arrows.
You can read scrolls again.
The gnoll hits you with a +0 flail. The gnoll barely misses you.
You see here 15 arrows.
You hit the gnoll.
The gnoll is lightly wounded.
The gnoll hits you with a +0 flail!
You feel threatened and lose the ability to read scrolls!
* * * LOW HITPOINT WARNING * * *
The gnoll hits you from afar with a +0 spear.
* * * LOW HITPOINT WARNING * * *
The gnoll shaman calls upon its god to speed up the gnoll.
The gnoll seems to speed up.
You can read scrolls again.
The gnoll is no longer moving quickly.
Found 8 gold pieces.
A rat comes into view.
The gnoll throws a throwing net.
The throwing net hits you.
You become entangled in the net!
You see here a throwing net.
You struggle against the net.
You struggle against the net.
You tear a large gash into the net.
The gnoll hits you from afar with a +0 spear.
You feel threatened and lose the ability to read scrolls!
* * * LOW HITPOINT WARNING * * *
The gnoll hits you from afar with a +0 spear.
You die...

#.. #.# ... ..# #.. ##.
... ### #.# #. . ### #.#
#. ##.. ..# ##r## #.
.... #.# #... # #. ##..
#.####$.##.#.### #. ...#
#.....gg@....... #.
####.####..###..##..####
#. # #.......g.g..# .#
#. #########..###.###.>#
######. ...gg..gg..# #.#
#..# #..†...
#####.###.## #.# #<.#
#.##### #.# #)# #.# #..#
#.# #.# #.# #.# #..# #.#
#.# #†# #.# #..# #.#


You could see a gnoll shaman, 3 gnolls and a rat.

Vanquished Creatures
  A centaur skeleton (D:3)
  3 dart slugs (D:1)
  2 ball pythons (D:1)
  3 endoplasms (D:3)
  A giant cockroach (D:1)
  3 hobgoblins
  4 jackals (D:1)
  2 kobolds (D:1)
  A quokka (D:3)
  2 bats
  A goblin (D:3)
  2 rats (D:3)
25 creatures vanquished.

Vanquished Creatures (others)
  A plant (D:1)
1 creature vanquished.

Grand Total: 26 creatures vanquished

Notes
Turn   | Place    | Note
-------+----------+-------------------------------------------
     0 | Abyss:1  | polve the Demonspawn Abyssal Knight began the quest for the
                  | Orb.
     0 | Abyss:1  | Reached XP level 1. HP: 18/18 MP: 2/2
   116 | Abyss:1  | Noticed a wretched star
   134 | Abyss:1  | Noticed a starcursed mass
   138 | D:1      | Escaped the Abyss
   679 | D:1      | Gained mutation: Your demonic aura sometimes causes spilled
                  | blood to erupt in flames. [demonic ancestry]
   679 | D:1      | Reached XP level 2. HP: 18/24 MP: 3/3
  1629 | D:2      | You fall into a shaft and drop 2 floors!
  1632 | D:4      | Noticed a bullfrog
  1708 | D:3      | Gained mutation: You regenerate magic rapidly. [demonic
                  | ancestry]
  1708 | D:3      | Reached XP level 3. HP: 29/29 MP: 4/4
  2099 | D:3      | Reached * piety under Lugonu
  2224 | D:3      | Slain by a gnoll

Illustrated notes

Levels and vault maps discovered:
D:1:      evilmike_arrival_home_sweet_home, layout_loops_corners, serial_forest,
          infiniplex_forest_lined_room_, infiniplex_forest_clump_C,
          infiniplex_forest_end_1, infiniplex_forest_clump_diagonal,
          infiniplex_forest_pool, infiniplex_forest_straight_2,
          infiniplex_forest_clump_diagonal
D:2:      layout_basic, basic_altar, hellmonk_ecumenical_altar_leap_of_faith,
          minmay_hedge_maze
D:3:      layout_loops_ring, serial_shops, shop, supply_closet_lemuel,
          uniq_sigmund
D:4:      layout_rooms, tso_metal_star, minmay_temple_entry_waves,
          lemuel_old_faithful, uniq_pikel

Skill      XL: |  1  2 |
---------------+-------+-----
Short Blades   | 2 3 |  3.8
Fighting       | |  3.0
Armour         | |  1.7
Dodging        | |  0.8
Invocations    | |  2.4

Action                   || total
-------------------------++-------
Melee: Short sword       ||    83
Invok: Depart the Abyss  ||     1
  Use: Potion            ||     1
Armor: Leather armour    ||    13
Dodge: Dodged            ||    72

Table legend: (Time is in decaauts)
 A = Elapsed time spent in this place.
 B = Non-inter-level travel time spent in this place.
 C = Inter-level travel time spent in this place.
 D = Time resting spent in this place.
 E = Time spent auto-exploring this place.
 F = Levels seen in this place.
 G = Mean time per level.
                   A        B        C        D        E       F      G
               +--------+--------+--------+--------+--------+-----+--------+
         Total |   2258 |   2245 |     13 |    167 |   1810 |   5 |  451.6 |
       Dungeon |   2120 |   2107 |     13 |    167 |   1695 |   4 |  530.0 |
         Abyss |    138 |    138 |      0 |      0 |    115 |   1 |  138.0 |
               +--------+--------+--------+--------+--------+-----+--------+

Top non-repeatable levels by time:
     D:1: 1509 daAuts
     D:3: 602 daAuts
 Abyss:1: 138 daAuts
     D:4: 5 daAuts
     D:2: 2 daAuts
